 Dungeon Crawl Stone Soup version 0.29.1-12-g30fa7ad0bf (webtiles) character file.

Game seed: 6666727140442229129

819 sankara the Chiller (level 7, -6/46 HPs)
             Began as a Mummy Ice Elementalist on Jan 8, 2023.
             Killed by divine providence
             ... invoked by an orc priest
              (16 damage)
             ... on level 5 of the Dungeon.
             The game lasted 00:25:35 (5987 turns).

sankara the Chiller (Mummy Ice Elementalist)        Turns: 5987, Time: 00:25:36

Health: -6/46      AC:  5    Str: 12    XL:     7   Next: 63%
Magic:  13/13      EV: 12    Int: 16    God:
Gold:   210        SH:  0    Dex: 12    Spells: 3/14 levels left

rFire   . . .      SeeInvis +   a - +0 dagger
rCold   + + .      Faith    .   (no shield)
rNeg    + + +      Spirit   .   f - +0 robe
rPois   ∞          Reflect  .   (no helmet)
rElec   .          Harm     .   p - scarf {rC+ rF+}
rCorr   .          Rampage  .   (no gloves)
Will    .....                   d - +2 pair of boots
Stlth   ++........              (no amulet)
HPRegen 0.15/turn               i - ring of see invisible
MPRegen 0.13/turn               (no ring)

@: no status effects
A: cold resistance 1, negative energy resistance 3, torment resistance 2, heat
vulnerability 1, in touch with death 1, no potions
a: no special abilities


You were on level 5 of the Dungeon.
You visited 1 branch of the dungeon, and saw 5 of its levels.

You collected 210 gold pieces.

Inventory:

Hand Weapons
 a - a +0 dagger (weapon)
 g - a +3 spear
Missiles
 l - 3 boomerangs (quivered)
 s - 3 poisoned darts
Armour
 d - a +2 pair of boots (worn)
 f - a +0 robe (worn)
 o - a +2 cloak of preservation
 p - a scarf of resistance (worn)
Jewellery
 i - a ring of see invisible (left hand)
Wands
 t - a wand of polymorph (7)
Scrolls
 b - 9 scrolls of identify {unknown}
 c - a scroll of amnesia {unknown}
 e - 7 scrolls of teleportation {unknown}
 h - 3 scrolls of immolation {unknown}
 j - a scroll of silence {unknown}
 k - 2 scrolls of fear {unknown}
 m - 2 scrolls of noise {unknown}
 n - a scroll of enchant armour {unknown}
 q - 2 scrolls of magic mapping {unknown}
 r - a scroll of brand weapon {unknown}


   Skills:
 + Level 2.2 Short Blades
 - Level 3.0 Dodging
 + Level 3.8 Stealth
 - Level 4.0 Spellcasting
 * Level 5.8 Ice Magic


You had 3 spell levels left.
You knew the following spells:

 Your Spells              Type           Power      Damage    Failure   Level
a - Freeze                Ice            88%        1d10      1%          1
b - Ozocubu's Armour      Ice            22%        N/A       4%          3
c - Frozen Ramparts       Ice            44%        1d7       4%          3
d - Hailstorm             Conj/Ice       12%        3d5       45%         4

Your spell library contained the following spells:

 Spells                   Type           Power      Damage    Failure   Level
 Apportation              Tloc           6%         N/A       17%         1
 Portal Projectile        Hex/Tloc       6%         N/A       45%         3
 Tukima's Dance           Hex            3%         N/A       45%         3
 Alistair's Intoxication  Tmut/Pois      2%         N/A       99%         5
 Summon Hydra             Summ           1%         N/A       100%        7
 Sublimation of Blood     Necr           Unusable   N/A       N/A         2
 Wereblood                Tmut           Unusable   N/A       N/A         2
 Blade Hands              Tmut           Unusable   N/A       N/A         5

Dungeon Overview and Level Annotations

Branches:
Dungeon (5/15)
 Temple: D:4-7

Altars:

Annotations:
D:2 Sigmund


Innate Abilities, Weirdness & Mutations

You are immune to poison.
Your flesh is cold resistant. (rC+)
You are immune to negative energy. (rN+++)
You are immune to unholy pain and torment.
You are vulnerable to heat. (rF-)
You are in touch with the powers of death.
You do not drink.


Message History

The killer bee stings you but does no damage.
The wall freezes the killer bee.
You hit the killer bee.
The killer bee is severely wounded.
The wall freezes the killer bee but does no damage.
The killer bee stings you.
The wall freezes the killer bee. x2
The killer bee closely misses you.
The wall freezes the killer bee but does no damage.
You closely miss the killer bee.
The killer bee is almost dead.
The wall freezes the killer bee.
You kill the killer bee!
The wall freezes the killer bee. x2
You kill the killer bee!
You start resting.
The frozen ramparts melt away.
You start resting.
Your icy armour starts to melt.
You start resting.
Your icy armour evaporates.
You start resting.
HP restored.
Okay, then.
b - 9 scrolls labelled KEKHLY BOGYO (gained 1)
You now have 210 gold pieces (gained 16).
An orc priest comes into view. It is wielding a +0 dagger.
An orc comes into view. It is wielding a +0 flail.
An orc comes into view. It is wielding a +0 whip.
An orc comes into view. It is wielding a +0 dagger.
The orc shouts! x3
The orc priest invokes the aid of Beogh against you.
Beogh smites you!
The orc priest calls down the wrath of Beogh upon you.
Beogh smites you!
The orc priest calls down the wrath of Beogh upon you.
Beogh smites you!
* * * LOW HITPOINT WARNING * * *
The orc priest mumbles some strange prayers to Beogh against you.
Beogh smites you!
You die...

##.........#
#..........#
##..........#
#...........#
##...........#
#............#
##..........###
#.........###
##.@.....###
##..#..####
#...#### ##..##
##o.## ##...#
##..o## ##..oo#
##....##


You could see an orc priest and 3 orcs.

Vanquished Creatures
  A centaur (D:5)
  A necrophage (D:5)
  3 killer bees (D:5)
  A gnoll bouda (D:4)
  2 jellies (D:5)
  3 hounds
  Crazy Yiuf (D:3)
  An orc wizard (D:4)
  Terence (D:3)
  3 iguanas
  8 adders
  3 gnolls (D:3)
  A white imp (D:4)
  2 dart slugs
  9 orcs
  6 endoplasms
  2 giant cockroaches
  6 goblins
  7 hobgoblins
  11 jackals
  4 quokkas
  9 ball pythons
  5 bats
  6 frilled lizards
  4 kobolds
  6 rats
106 creatures vanquished.

Vanquished Creatures (others)
  8 plants (D:3)
8 creatures vanquished.

Grand Total: 114 creatures vanquished

Notes
Turn   | Place    | Note
-------+----------+-------------------------------------------
     0 | D:1      | sankara the Mummy Ice Elementalist began the quest for the
                  | Orb.
     0 | D:1      | Reached XP level 1. HP: 13/13 MP: 4/4
     9 | D:1      | Found a faded altar of an unknown god.
   362 | D:1      | Reached XP level 2. HP: 19/19 MP: 2/5
  1128 | D:1      | Gained mutation: You are in touch with the powers of death.
                  | [Mummy growth]
  1128 | D:1      | Reached XP level 3. HP: 24/24 MP: 5/7
  1134 | D:1      | Learned a level 3 spell: Ozocubu's Armour
  1138 | D:1      | Learned a level 3 spell: Frozen Ramparts
  1661 | D:2      | Reached skill level 1 in Short Blades
  1755 | D:2      | Reached XP level 4. HP: 27/30 MP: 3/9
  1837 | D:2      | Noticed Sigmund
  2237 | D:3      | Noticed Terence
  2498 | D:3      | Reached skill level 4 in Ice Magic
  2951 | D:3      | Found a runed translucent door.
  2952 | D:3      | Noticed Crazy Yiuf
  3119 | D:3      | Killed Crazy Yiuf
  3120 | D:3      | Reached XP level 5. HP: 29/35 MP: 0/10
  3297 | D:4      | Learned a level 4 spell: Hailstorm
  3489 | D:3      | Killed Terence
  4416 | D:4      | Reached XP level 6. HP: 39/41 MP: 6/12
  4573 | D:5      | Entered Level 5 of the Dungeon
  4975 | D:5      | Reached skill level 5 in Ice Magic
  5114 | D:5      | Reached XP level 7. HP: 35/46 MP: 4/13
  5987 | D:5      | Killed from afar by an orc priest

Illustrated notes

Levels and vault maps discovered:
D:1:      ebering_trefoil_3fold, layout_loops_ring,
          ebering_ecumenical_altar_ruins
D:2:      layout_loops_cross, basic_altar, uniq_sigmund
D:3:      layout_basic, hangedman_decor_push, nicolae_grassy_gnolls,
          uniq_crazy_yiuf_cottage, uniq_terence
D:4:      layout_gridville
D:5:      layout_cave_pods, kennysheep_small_square

Skill      XL: |  1  2  3  4  5  6  7 |
---------------+----------------------+-----
Spellcasting   | 3 4 |  4.0
Dodging        | 2 3 |  3.0
Stealth        | 2 3 |  3.8
Short Blades   | 1 2 |  2.2
Ice Magic      | 4 5 |  5.8

Action                   |  1- 3 |  4- 6 |  7- 9 || total
-------------------------+-------+-------+-------++-------
Melee: Dagger            |    17 |    66 |    14 ||    97
       Mace              |     1 |       |       ||     1
       Punch             |       |     3 |       ||     3
Throw: Boomerang         |       |    14 |       ||    14
 Cast: Freeze            |    64 |    57 |    12 ||   133
       Frozen Ramparts   |       |    15 |     3 ||    18
       Ozocubu's Armour  |       |    13 |     4 ||    17
 Stab: Sleeping          |     4 |     2 |     3 ||     9
Armor: Robe              |    24 |    43 |     9 ||    76
Dodge: Dodged            |    52 |    77 |    26 ||   155
